[Event "Late-Titled-Tuesday-Blitz-January-23-2024"]
[Site "Chess.com"]
[Date "2024.01.23"]
[Round "6"]
[White "Horokoskii"]
[Black "sansanathalia"]
[Result "1-0"]
[WhiteElo "2090"]
[BlackElo "2377"]
[TimeControl "180+1"]
[EndTime "15:05:38 PST"]
[Termination "Horokoskii won on time"]

1. c4 Nf6 2. Nc3 e6 3. e4 d5 4. e5 d4 5. exf6 dxc3 6. bxc3 Qxf6 7. d4 e5 8. Nf3 Nc6 9. Bg5 Qf5 10. Bd3 Qg4 11. O-O h6 12. Bd2 Be7 13. Nxe5 Nxe5 14.
dxe5 O-O 15. Qxg4 Bxg4 16. h3 Be6 17. Rad1 Rfd8 18. Be3 Rd7 19. Be4 c6 20. Rxd7 Bxd7 21. f4 Be6 22. Rb1 Bxc4 23. Rxb7 Bf8 24. Bxc6 Rc8 25.
Bf3 Bxa2 26. Rxa7 Be6 27. Bd4 g6 28. Bg4 Bxg4 29. hxg4 Rxc3 30. Bxc3 Bc5+ 31. Kf1 Bxa7 32. Ke2 Bb6 33. Kd3 Kf8 34. Bd4 Bc7 35. Bc5+ Ke8 36. Ke4 Kd7 37. f5 gxf5+ 38. gxf5 Ba5 39. g4 Bd2 40. Be3 Ba5 41. Bxh6 Bd8 42. Kd5 Ke8 43.
Be3 Be7 44. Bc5 Bd8 45. Bd6 Ba5 46. e6 fxe6+ 47. Kxe6 Bc3 48. f6 Kd8 49. Be5 Bb4 50. Bd6 Bc3 51. g5 Ke8 52. g6 Bxf6 53. Kxf6 Kd7 54.
Kf7 Kxd6 55. g7 1-0

[Event "Late-Titled-Tuesday-Blitz-January-23-2024"]
[Site "Chess.com"]
[Date "2024.01.23"]
[Round "6"]
[White "NikolaGry"]
[Black "SanchezKelvin"]
[Result "0-1"]
[WhiteElo "2737"]
[BlackElo "2563"]
[TimeControl "180+1"]
[EndTime "15:05:39 PST"]
[Termination "SanchezKelvin won on time"]

1. e4 e5 2. Nf3 Nc6 3. Bb5 a6 4. Bxc6 dxc6 5. d4 exd4 6. Qxd4 Qxd4 7. Nxd4 Bd7 8. Nc3 O-O-O 9. Be3 Ne7 10. O-O-O Ng6 11.
h4 h5 12. Bg5 f6 13. Be3 Bd6 14. Nde2 Rhe8 15. f3 b5 16. a3 a5 17. Nd4 Ne5 18.
Nce2 Nc4 19. Bf4 Bc5 20. Rd3 Rg8 21. Ng3 g5 22. hxg5 fxg5 23. Bd2 Nxd2 24. Kxd2 Bxd4 25.
Rxd4 h4 26. Ne2 Be6 27. Ke3 Bc4 28. Rxd8+ Rxd8 29. Nd4 c5 30. Nf5 Be6 31. Ng7 Bd7 32. Nh5 Rf8 33. g3 Be8 34. Ng7 hxg3 35. Rg1 g4 36.
fxg4 Bc6 37. Nf5 Re8 38. Nxg3 c4 39. Kf4 Rf8+ 40. Nf5 Rd8 41. g5 Be8 42. g6 Rd2 43. g7 Bf7 44. Nh6 Be6 45. Ke5 Kd7 46. Rg6 Rd6 47.
Nf5 Rc6 0-1

[Event "Late-Titled-Tuesday-Blitz-January-23-2024"]
[Site "Chess.com"]
[Date "2024.01.23"]
[Round "6"]
[White "annasargsyan_m"]
[Black "falzehope0"]
[Result "1-0"]
[WhiteElo "2532"]
[BlackElo "2405"]
[TimeControl "180+1"]
[EndTime "15:05:44 PST"]
[Termination "annasargsyan_m won by resignation"]

1. d4 e6 2. c4 d5 3. Nc3 f5 4.
g3 c6 5. Bg2 Bd6 6. b3 Nf6 7. Bb2 O-O 8. e3 Nbd7 9. Nge2 Qe7 10. Qc2 Ne4 11. f3 Ng5 12. h4 Nf7 13. O-O-O Nh6 14.
Kb1 a5 15. e4 fxe4 16. fxe4 Rf2 17. Bh3 e5 18. exd5 exd4 19. Rxd4 Nf6 20. Bxc8 Rxc8 21.
Rhd1 c5 22. R4d2 Nhg4 23. Qd3 Ne3 24. Re1 Ng2 25. Rg1 Re8 26. Nc1 Ne1 27. Rxf2 Nxd3 28. Nxd3 Ne4 29. Re1 Nxc3+ 30. Bxc3 Qd7 31. Rfe2 Rf8 32.
Kb2 Bxg3 33. Rg1 Rf3 34. Ne1 Rxc3 35. Kxc3 Qg4 36. Reg2 Be5+ 37. Kc2 Qe4+ 38. Nd3 Bd4 39. Kd2 Bxg1 40. Rxg1 g6 41. Re1 Qd4 42. Re8+ Kf7 43. Rb8 Qxh4 44. Rxb7+ Kf8 45. Rb5 Qg5+ 46. Kc2 Qg2+ 47.
Kc3 h6 48. Nxc5 h5 49. Ne6+ Kf7 50. Rb7+ Kg8 51. Rg7+ Kh8 52. Rf7 h4 53. d6 Qg3+ 54. Kc2 Qxd6 55. Nf4 Qe5 56. Nxg6+ Kg8 57. Nxe5 h3 58.
Rf3 h2 59. Rh3 Kg7 60. Rxh2 Kf6 61. Nc6 Ke6 62. Nxa5 Kd6 63. Kc3 Kc7 64. b4 Kb6 65. b5 Kxa5 66. Kd4 Kb6 67. Kd5 Kc7 68. Kc5 Kb7 69.
a4 Kc8 70. a5 Kd7 71. Rh6 Kd8 72. Kd6 Kc8 73. Rh7 Kb8 74. Kc6 Ka8 75. Kb6 1-0

[Event "Late-Titled-Tuesday-Blitz-January-23-2024"]
[Site "Chess.com"]
[Date "2024.01.23"]
[Round "6"]
[White "PapaieDudu"]
[Black "Rawnsdale"]
[Result "0-1"]
[WhiteElo "2413"]
[BlackElo "2535"]
[TimeControl "180+1"]
[EndTime "15:05:45 PST"]
[Termination "Rawnsdale won by resignation"]

1. e4 c6 2. d4 d5 3. e5 c5 4. dxc5 e6 5. b4 b6 6. cxb6 Bxb4+ 7. c3 Bc5 8. bxa7 Rxa7 9. Nf3 Qb6 10. Qc2 Bd7 11.
Nbd2 Ba4 12. Qd3 Bxf2+ 13. Ke2 Bb5 14. c4 dxc4 15. Qc3 Rd7 16. Ne4 Bd4 17. Nxd4 Qxd4 18. Qxd4 Rxd4 19. Nd6+ Rxd6 20. exd6 Nf6 21. Rb1 Nc6 22.
Be3 Nd5 23. Kf2 Nc3 24. Rc1 Ne4+ 25. Kf3 Nxd6 26. Be2 Nf5 27. Bc5 f6 28. Rhd1 Kf7 29.
Rd7+ Kg6 30. Kf2 Ra8 31. g4 Nh4 32. a3 Ne5 33. Rc7 Kh6 34. Kg3 g5 35. Rf1 Kg6 36.
Be7 f5 37. gxf5+ Nxf5+ 38. Kf2 Nd3+ 39. Kg1 Nf4 40. Rb1 Nxe2+ 41. Kf2 Nc3 42. Rc1 Ne4+ 43. Kg1 c3 44. Bb4 Bd3 45. Rd7 Be2 46. Re1 c2 47. Rc7 Bd3 48. h3 Nd4 49. Bc5 Nf3+ 50. Kg2 Nxe1+ 51.
Kh2 c1=Q 52. Be3 Qxe3 53. Rg7+ Kxg7 0-1

[Event "Late-Titled-Tuesday-Blitz-January-23-2024"]
[Site "Chess.com"]
[Date "2024.01.23"]
[Round "6"]
[White "DefiantChair"]
[Black "GothamChess"]
[Result "0-1"]
[WhiteElo "2588"]
[BlackElo "2777"]
[TimeControl "180+1"]
[EndTime "15:05:46 PST"]
[Termination "GothamChess won on time"]

1. e4 e6 2. d4 d5 3. Nd2 dxe4 4. Nxe4 Nf6 5. Nxf6+ gxf6 6. Nf3 Nc6 7. c3 Rg8 8. Bf4 Bd6 9. Bg3 Ne7 10. Bd3 h5 11.
Qe2 Bd7 12. O-O-O Bc6 13. Rhe1 Qd7 14. Nd2 O-O-O 15. Qxh5 Ng6 16. Qe2 Bxg2 17. f3 Nf4 18. Bxf4 Bxf4 19. Kb1 Bxh2 20. Ne4 Qe7 21. Nc5 Bd6 22.
Nxb7 Kxb7 23. Ba6+ Ka8 24. Qe4+ c6 25. Qxc6+ Kb8 26.
c4 Qc7 27. Qe4 f5 28. Qe3 Rg3 29. c5 Bf4 30. Qb3+ Ka8 31. Qa4 Bxf3 32. Rd3 Be4 33. Rxe4 fxe4 34. Bb5 Rc8 35. Rxg3 Bxg3 36. Qc2 e3 37. Qe2 Qb7 38. Bd3 Bf4 39. Kc2 e5 40. d5 Rxc5+ 41. Kb1 Qxd5 42. a3 e4 43. Ba6 Qd2 44. Qg4 Rc1+ 45. Ka2 Qd5+ 0-1

[Event "Late-Titled-Tuesday-Blitz-January-23-2024"]
[Site "Chess.com"]
[Date "2024.01.23"]
[Round "6"]
[White "BardArtem"]
[Black "DraningWaterHi"]
[Result "1-0"]
[WhiteElo "2787"]
[BlackElo "2202"]
[TimeControl "180+1"]
[EndTime "15:05:46 PST"]
[Termination "BardArtem won by resignation"]

1. e4 e5 2. Nf3 Nc6 3. Bc4 Nf6 4. d3 Bc5 5. Nc3 d6 6. Bg5 h6 7. Bxf6 Qxf6 8. Nd5 Qd8 9. c3 Be6 10. b4 Bb6 11. a4 a5 12. b5 Ne7 13. Nxb6 cxb6 14. Bb3 d5 15. O-O Qd6 16. Re1 f6 17. exd5 Nxd5 18.
d4 Nxc3 19. Qd3 Bxb3 20. Qxc3 Qb4 21. Qc7 O-O 22. dxe5 fxe5 23. Qxe5 Rae8 24. Qxe8 Rxe8 25. Rxe8+ Kf7 26. Rd8 Qc3 27. Re1 Bxa4 28. Ne5+ Kf6 29. Rf8+ Kg5 30. h4+ Kxh4 31. Re4+ Kh5 32. Rf5+ g5 33.
g4+ Kh4 34. Ng6+ Kh3 35. Re3+ Qxe3 36. fxe3 Bc2 37. Rf3+ Kxg4 38. Ne5+ Kh4 39. Rf2 Be4 40. Rh2+ Kg3 41. Rxh6 a4 42. Nc4 Bd3 43. Na3 Kf3 44. Rxb6 Be4 45. Re6 Kxe3 46. Kh2 Kd4 47. b6 Bd5 48.
Rg6 Bc6 49. Rxc6 1-0

[Event "Late-Titled-Tuesday-Blitz-January-23-2024"]
[Site "Chess.com"]
[Date "2024.01.23"]
[Round "6"]
[White "Maxfan2008"]
[Black "cristiano78"]
[Result "1-0"]
[WhiteElo "2499"]
[BlackElo "2212"]
[TimeControl "180+1"]
[EndTime "15:05:46 PST"]
[Termination "Maxfan2008 won on time"]

1. d4 Nf6 2. c4 g6 3. Nc3 Bg7 4. e4 O-O 5. Be2 d6 6. Bg5 Nbd7 7. Qd2 e5 8. d5 Nc5 9. f3 a5 10. h4 Bd7 11. g4 Qe8 12. h5 gxh5 13. gxh5 Nxh5 14.
Rxh5 f6 15. Rh2 fxg5 16. Qxg5 Qg6 17. Qxg6 hxg6 18. Rg2 Kf7 19. O-O-O Rh8 20. Kc2 Rh4 21. Bd3 Rah8 22. Nge2 Rh2 23. Rdg1 Rxg2 24. Rxg2 Bf6 25. b3 Rh1 26. a3 Bh3 27. Rg1 Rh2 28. b4 axb4 29.
axb4 Nxd3 30. Kxd3 Bg2 31. f4 Bh1 32. fxe5 Bxe5 33.
Rf1+ Kg7 34. Nb5 Bxe4+ 35. Kxe4 Rxe2+ 36. Kd3 Rb2 37. Nxc7 Rxb4 38. Ne6+ Kh7 39. Rf7+ Kh6 40. Nd8 g5 41. Rxb7 Ra4 42. Rb3 g4 43. c5 dxc5 44.
Nf7+ Kh5 45. Nxe5 g3 46. Nc4 Ra1 47. Ke4 1-0

[Event "Late-Titled-Tuesday-Blitz-January-23-2024"]
[Site "Chess.com"]
[Date "2024.01.23"]
[Round "6"]
[White "The_Machine04"]
[Black "GlavkonVVS"]
[Result "1-0"]
[WhiteElo "2717"]
[BlackElo "2510"]
[TimeControl "180+1"]
[EndTime "15:05:47 PST"]
[Termination "The_Machine04 won by checkmate"]

1. d4 Nf6 2. Nf3 c5 3. e3 g6 4. Nbd2 cxd4 5. exd4 Bg7 6. c3 O-O 7. Bd3 b6 8. O-O Bb7 9. Re1 d6 10. Qe2 e6 11. a4 a6 12. Nf1 Nbd7 13. Ng3 Re8 14.
h4 h5 15. Bg5 Qc7 16. Rad1 e5 17. dxe5 dxe5 18. Bxf6 Nxf6 19. Ne4 Nd5 20. g3 f5 21. Bc4 Rad8 22. Neg5 e4 23. Nd4 e3 24. Nde6 exf2+ 25. Kxf2 Qc8 26. Qd3 Rd6 27. Nf4 Qc5+ 28. Kf1 Rxe1+ 29.
Rxe1 b5 30. axb5 axb5 31. Re8+ Bf8 32. Rxf8+ Kxf8 33. Nge6+ Ke7 34. Nxc5 Nxf4 35. gxf4 Rxd3 36. Bxd3 Bd5 37. Bxb5 Kd6 38. Nd3 Be4 39. Ne5 Ke6 40.
Nxg6 Kf6 41. Ne5 Bc2 42. Kf2 Ke6 43. Be2 Kd5 44. Ke3 Bb3 45. Bxh5 Kc5 46. Bf3 Kd6 47. h5 Ke7 48. h6 Kf6 49. Bh5 Bg8 50. Bg6 Bb3 51.
c4 Ba4 52. c5 Bb3 53. h7 Kg7 54. c6 Be6 55. c7 Bc8 56. b4 Kh8 57. Nf7+ Kg7 58.
h8=Q+ Kxg6 59. Ne5# 1-0

[Event "Late-Titled-Tuesday-Blitz-January-23-2024"]
[Site "Chess.com"]
[Date "2024.01.23"]
[Round "6"]
[White "Filipets"]
[Black "emeli_chess"]
[Result "0-1"]
[WhiteElo "2583"]
[BlackElo "2469"]
[TimeControl "180+1"]
[EndTime "15:05:47 PST"]
[Termination "emeli_chess won by resignation"]

1. c4 e5 2. Nf3 d6 3. d3 f5 4. g3 Nf6 5. Bg2 Be7 6. O-O O-O 7. Nc3 a5 8. Rb1 Na6 9. a3 c6 10. b4 h6 11. Ne1 Bd7 12. Nc2 Nc7 13. Be3 Ne6 14. b5 Nc5 15. d4 Nce4 16. Nxe4 Nxe4 17.
dxe5 dxe5 18. Qd3 Nc5 19. Bxc5 Bxc5 20. a4 e4 21. Qd2 Be6 22. Qc3 Qf6 23. Qb3 f4 24.
Bxe4 fxg3 25. hxg3 Bh3 26. Bg2 Qe6 27. Ne3 Bxe3 28. Qxe3 Qxe3 29. fxe3 Bxg2 30. Kxg2 Rfe8 31. Rb3 Re4 32. Rf4 Rae8 33. Kf3 R4e6 34. Rd3 R8e7 35. g4 g5 36. Rfd4 Kg7 37. bxc6 bxc6 38. Rd6 Kf6 39. e4 Ke5 40. Rxe6+ Rxe6 41. c5 Rf6+ 42. Ke3 Rf4 43. Rd6 Rxe4+ 44. Kf3 Rf4+ 45. Kg3 Rxa4 46. Rxc6 Rc4 47.
Rxh6 Rxc5 48. Ra6 Ke4 49. Re6+ Kd5 50. Rg6 Ke4 51. Re6+ Re5 52. Ra6 Ke3 53. Rb6 Kxe2 54. Rb2+ Kd3 55. Kf3 Kc3 56. Rb8 a4 57. Rc8+ Kb3 58.
Rb8+ Ka2 59. Rc8 a3 60. Ra8 Kb2 61. Rb8+ Ka1 62. Ra8 a2 63. Ra5 Rxa5 0-1

[Event "Late-Titled-Tuesday-Blitz-January-23-2024"]
[Site "Chess.com"]
[Date "2024.01.23"]
[Round "6"]
[White "Qvalda"]
[Black "rionelG"]
[Result "1-0"]
[WhiteElo "2428"]
[BlackElo "2260"]
[TimeControl "180+1"]
[EndTime "15:05:47 PST"]
[Termination "Qvalda won on time"]

1. Nf3 d5 2. g3 Bf5 3. Bg2 c6 4. O-O e6 5. c4 Nf6 6. Qb3 Qc7 7. d3 Nbd7 8. Nc3 Bd6 9. cxd5 exd5 10. e4 dxe4 11.
dxe4 Bg4 12. h3 Bxf3 13. Bxf3 O-O 14. Bg5 Bxg3 15. Bxf6 Bh2+ 16. Kh1 Nxf6 17. Ne2 Be5 18. Rg1 Qc8 19. Bg4 Nxg4 20. Rxg4 Qe6 21. Qf3 Bxb2 22. Rag1 g6 23. Nf4 Qe5 24. h4 Qc3 25. Qg2 Rae8 26.
h5 Qe5 27. f3 Bd4 28. Rb1 Be3 29. hxg6 fxg6 30. Nxg6 hxg6 31. Rxg6+ Kf7 32. Rxb7+ Re7 33. Rg7+ Qxg7 34. Rxe7+ Kxe7 35. Qxg7+ Rf7 36. Qe5+ Kf8 37. Qb8+ Kg7 38. Kg2 Bf4 39. Qb2+ Kf8 40. Qc2 Rf6 41. Qc5+ Kf7 42. Qxa7+ Ke6 43. Qb7 Kd6 44. Qb8+ Kc5 45. Qb2 Rg6+ 46. Kf2 Kd6 47. Qd4+ Ke6 48. Qc4+ Kd6 49. a4 Be5 50. a5 1-0

[Event "Late-Titled-Tuesday-Blitz-January-23-2024"]
[Site "Chess.com"]
[Date "2024.01.23"]
[Round "6"]
[White "Alex_Banzea"]
[Black "Inepton_Fermion"]
[Result "1-0"]
[WhiteElo "2621"]
[BlackElo "2446"]
[TimeControl "180+1"]
[EndTime "15:05:48 PST"]
[Termination "Alex_Banzea won by checkmate"]

1. d4 Nf6 2. Nc3 d5 3. Bf4 g6 4. e3 c6 5. h4 Bg7 6. Be2 h6 7. Nf3 O-O 8. Ne5 Nbd7 9. h5 g5 10.
Bxg5 hxg5 11. h6 Bxh6 12. Rxh6 Kg7 13. Rh1 Rh8 14. Rf1 Qb6 15. Nxd7 Bxd7 16. Qd2 Rh2 17. e4 Nxe4 18. Nxe4 Qxb2 19. Qc3 Qxc3+ 20. Nxc3 Rxg2 21. Rb1 b6 22. Kd2 Rh8 23. a4 Rhh2 24. a5 b5 25. Na2 Rxf2 26. Rxf2 Rxf2 27. Ke3 Rh2 28. Nb4 Rh3+ 29.
Kd2 g4 30. Nd3 f6 31. Rg1 Rh4 32. Nf2 f5 33. Nd3 Kf6 34. Ne5 Be8 35. Ke3 Rh3+ 36. Kf4 e6 37. Bxg4 fxg4 38. Nxg4+ Ke7 39. Ne5 Rc3 40.
Rg7+ Kd8 41. Rxa7 Rxc2 42. Ra8+ Ke7 43. a6 Ra2 44. Nd3 Ra4 45. Ke5 Bd7 46. Nc5 b4 47. Ra7 Ke8 48. Rxd7 b3 49. Rb7 Ra3 50. Kxe6 Kd8 51.
Kd6 b2 52. Rb8# 1-0

[Event "Late-Titled-Tuesday-Blitz-January-23-2024"]
[Site "Chess.com"]
[Date "2024.01.23"]
[Round "6"]
[White "ansko1999"]
[Black "brunoo2003"]
[Result "1-0"]
[WhiteElo "2710"]
[BlackElo "2527"]
[TimeControl "180+1"]
[EndTime "15:05:51 PST"]
[Termination "ansko1999 won by resignation"]

1. c4 Nf6 2. Nf3 e6 3. g3 d5 4. d4 dxc4 5. Bg2 Bd7 6. Ne5 Bc6 7. Nxc6 Nxc6 8. e3 Qd7 9. O-O Rd8 10. Nd2 e5 11.
Nxc4 exd4 12. exd4 Nxd4 13. Re1+ Be7 14. Be3 c5 15.
Ne5 Qb5 16. Bf1 Qa5 17. Bxd4 Rxd4 18. Qb3 O-O 19. Nxf7 Rxf7 20. Rxe7 Nd5 21. Rxf7 Kxf7 22. Qxb7+ Kg6 23. Qc6+ Nf6 24. Qf3 Qd2 25. b3 h5 26. h4 a5 27. Bh3 Kh6 28. Rf1 Qd3 29. Qxd3 Rxd3 30. Rc1 Rd2 31. a4 Rd5 32. Be6 Re5 33.
Bc4 Nd7 34. Kf1 Nf6 35. Bd3 Ng4 36. Rc4 Rd5 37. Be2 Ne5 38. Rc3 g6 39. Rc2 Kg7 40.
Ke1 Kf6 41. Rd2 Rxd2 42. Kxd2 Ke6 43. Kc3 Kd5 44. Bd3 Kd6 45. Be4 Ke6 46. f4 Ng4 47.
Kc4 Ne3+ 48. Kxc5 Nf1 49. Bxg6 Nxg3 50. Kb5 Kf6 51. f5 Nxf5 52. Bxf5 Kxf5 53. Kxa5 Kg4 54.
b4 Kxh4 55. b5 Kg4 56. b6 h4 57. b7 h3 58. b8=Q h2 59. Qxh2 1-0

[Event "Late-Titled-Tuesday-Blitz-January-23-2024"]
[Site "Chess.com"]
[Date "2024.01.23"]
[Round "6"]
[White "YurasovMat-2012"]
[Black "GMKrikor"]
[Result "0-1"]
[WhiteElo "2591"]
[BlackElo "2783"]
[TimeControl "180+1"]
[EndTime "15:05:53 PST"]
[Termination "GMKrikor won on time"]

1. e4 e6 2. Nf3 d5 3. Nc3 Nf6 4. e5 Nfd7 5. d4 c5 6. Ne2 cxd4 7. Nexd4 Nc6 8. Nxc6 bxc6 9. Bf4 Be7 10. c3 g5 11.
Bg3 h5 12. h4 g4 13. Nd4 Qb6 14.
Qb3 Bb7 15. Qc2 Ba6 16. Be2 c5 17. Bxa6 cxd4 18. Be2 dxc3 19. bxc3 Rc8 20. O-O Nc5 21. Rab1 Qc7 22. c4 d4 23. Bd3 Nxd3 24. Qxd3 Qxc4 25. Qxc4 Rxc4 26. Rb7 Ra4 27. Rc1 Bd8 28. Bf4 O-O 29.
Bh6 Re8 30. Rc8 Ra5 31. Rd7 Rxe5 32. Rdxd8 Rxd8 33. Rxd8+ Kh7 34. Bg5 Re1+ 35. Kh2 Rd1 36. Rd7 Kg6 37. Rd6 Kf5 38. Rd7 Kg6 39. Bf4 f6 40. Rxa7 e5 41. Bg3 Kf5 42. a4 Ra1 43.
a5 Ke4 44. a6 d3 45. f3+ gxf3 46. gxf3+ Ke3 47. Rd7 Rxa6 48. Kg2 Ra2+ 49. Kf1 d2 0-1

[Event "Late-Titled-Tuesday-Blitz-January-23-2024"]
[Site "Chess.com"]
[Date "2024.01.23"]
[Round "6"]
[White "K_A_S_T_O_R"]
[Black "LiemLe"]
[Result "1-0"]
[WhiteElo "2906"]
[BlackElo "3096"]
[TimeControl "180+1"]
[EndTime "15:05:54 PST"]
[Termination "K_A_S_T_O_R won on time"]

1. e4 c5 2. Nf3 Nc6 3. d4 cxd4 4. Nxd4 e5 5. Nb3 Nf6 6. Bg5 h6 7. Bxf6 Qxf6 8. Bc4 Bb4+ 9. c3 Bd6 10. O-O O-O 11. a4 Bc7 12. Na3 a6 13. Qe2 d6 14.
Nc2 Bb6 15. Ne3 Bxe3 16. Qxe3 Be6 17. Qd3 Rac8 18. Nd2 Rfd8 19. Rfd1 Ne7 20. Bxe6 Qxe6 21. c4 Nc6 22. b3 Nd4 23. Nf3 Nxf3+ 24. Qxf3 Rc5 25. a5 Rf8 26. Qd3 Rc6 27. f3 f5 28.
exf5 Rxf5 29. Qe3 Rc5 30. Rd3 Rf6 31. Qe4 Qf7 32. Rad1 Qc7 33. Rd5 Kh8 34. h3 Rf4 35. Qg6 Rf6 36. Qd3 Rxa5 37. Rxd6 Qc5+ 38. Kh2 Rxd6 39.
Qxd6 Qxd6 40. Rxd6 b5 41. Rd5 Ra3 42. cxb5 Rxb3 43.
bxa6 Ra3 44. Rd6 Kg8 45. h4 h5 46. Kg1 Kf7 47. Kf2 g6 48. g4 e4 49. fxe4 hxg4 50. Kg2 Kg7 51. e5 Kf7 52. Rb6 Kg7 53. Rb7+ Kh6 54. a7 g5 55. hxg5+ Kxg5 56. Rf7 Ra2+ 57.
Kg3 Ra3+ 58. Kf2 g3+ 59. Kg2 Kg4 60. Rg7+ Kf4 61. e6 Ra2+ 62. Kf1 g2+ 63. Kg1 Kf3 64. Kh2 Ra1 65. Rf7+ Kg4 66. Kxg2 1-0

[Event "Late-Titled-Tuesday-Blitz-January-23-2024"]
[Site "Chess.com"]
[Date "2024.01.23"]
[Round "6"]
[White "Roedor"]
[Black "yaguigor"]
[Result "0-1"]
[WhiteElo "2345"]
[BlackElo "2641"]
[TimeControl "180+1"]
[EndTime "15:05:54 PST"]
[Termination "yaguigor won by resignation"]

1. c4 c6 2. Nf3 d5 3. g3 Nf6 4.
Bg2 dxc4 5. O-O Nbd7 6. a4 Nc5 7. Na3 Nb3 8. Rb1 Bf5 9. Nxc4 Bxb1 10. Qxb3 Be4 11.
Nce5 Bd5 12. Qxb7 Qc8 13. Qxc8+ Rxc8 14. d3 h6 15. e4 Bb3 16. a5 c5 17. Be3 e6 18.
Rc1 Bd6 19. Nxf7 Kxf7 20. e5 Be7 21. exf6 gxf6 22. Nd2 Bd5 23. Ne4 a6 24. Nxc5 Bxg2 25. Kxg2 Bxc5 26. Bxc5 Rhd8 27. d4 Rxd4 28. Bxd4 Rxc1 29.
Bc3 h5 30. h3 e5 31. g4 hxg4 32. hxg4 Ke6 33. Kf3 Kd5 34. Ke3 Rc2 35. f3 Rg2 36. Bd2 Ke6 37. Bc3 f5 38. gxf5+ Kxf5 39. Bd2 Rg3 40.
Kf2 Rh3 41. Bc3 e4 42. fxe4+ Kxe4 43. Ke2 Rh2+ 44. Kd1 Kd3 45. Ke1 Ke3 46. Kd1 Kd3 47. Ke1 Re2+ 48. Kd1 Re4 49. Bd2 Ra4 50. b4 Ra1+ 51.
Bc1 Kc3 52. b5 axb5 53. a6 b4 54. a7 b3 55. Ke2 b2 56. Bd2+ Kc2 0-1

[Event "Late-Titled-Tuesday-Blitz-January-23-2024"]
[Site "Chess.com"]
[Date "2024.01.23"]
[Round "6"]
[White "CaspiIsrael"]
[Black "Jumbo"]
[Result "0-1"]
[WhiteElo "2681"]
[BlackElo "2956"]
[TimeControl "180+1"]
[EndTime "15:05:56 PST"]
[Termination "Jumbo won by resignation"]

1. d4 Nf6 2. c4 e6 3. Nc3 Bb4 4.
a3 Bxc3+ 5. bxc3 d6 6. e4 c5 7. Bd3 e5 8. Ne2 cxd4 9. cxd4 Nc6 10. d5 Ne7 11. O-O Ng6 12. a4 O-O 13. a5 Nd7 14. Be3 Qc7 15. g3 Nc5 16. Bc2 Bh3 17. Re1 Bg4 18. Kg2 Qc8 19. f3 Bh3+ 20. Kg1 f5 21. Nc3 f4 22. Bf2 fxg3 23. hxg3 h5 24. Ra3 Rf6 25. Kh2 Bd7 26. Rh1 Qf8 27. Kg2 h4 28. gxh4 Bg4 29. Nb5 Bh5 30. Bxc5 dxc5 31. Kf2 Qf7 32.
d6 Rf8 33. Qd5 Bxf3 34. Qxf7+ R8xf7 35. Rxf3 Rxf3+ 36. Ke1 Rd7 37. h5 Nf4 38. h6 a6 39.
Nc7 Rxd6 40. hxg7 Re3+ 41. Kf1 Rd2 42. Ne8 Nh3 43. Nf6+ Kxg7 44. Ng4 Rf3+ 45. Ke1 Rxc2 46. Nxe5 Rg3 47. Rf1 Rc1+ 48. Ke2 Rxf1 49. Kxf1 Ng5 50. Nd7 Nxe4 51. Ke2 Ra3 52. Nb6 Nd6 53. Nd7 Rxa5 54. Kd3 Kf7 55. Kc3 Ke6 56. Nb8 Ra4 57. Kb3 Rb4+ 58.
Ka2 Nxc4 59. Ka1 Kd6 60. Ka2 Kc7 0-1

[Event "Late-Titled-Tuesday-Blitz-January-23-2024"]
[Site "Chess.com"]
[Date "2024.01.23"]
[Round "6"]
[White "Elsa167"]
[Black "djano"]
[Result "0-1"]
[WhiteElo "2929"]
[BlackElo "2710"]
[TimeControl "180+1"]
[EndTime "15:05:56 PST"]
[Termination "djano won on time"]

1. d4 Nf6 2. c4 g6 3. Nc3 Bg7 4. e4 d6 5. h3 O-O 6. Be3 c5 7. Nf3 cxd4 8. Nxd4 Nc6 9. Be2 Bd7 10. O-O Nxd4 11. Bxd4 Bc6 12. Qc2 a5 13. Rad1 Nd7 14.
Bxg7 Kxg7 15. Bg4 Ne5 16. c5 Nxg4 17. hxg4 Qd7 18. cxd6 Qxg4 19. dxe7 Rfe8 20. Nd5 Bxd5 21. Qc3+ f6 22. exd5 Rxe7 23. d6 Rd7 24. Rd5 Qe6 25.
Rfd1 a4 26. Qb4 Ra6 27. a3 h5 28. R5d4 Qb3 29. Qe1 Qf7 30. Re4 Ra8 31. Re7 Rxe7 32. dxe7 Re8 33. Rd7 Qb3 34. Qd2 g5 35. Rc7 Kf7 36. Qe2 g4 37. Qe4 Qd1+ 38. Kh2 Qd6+ 39. g3 Qxc7 40. Qh7+ Ke6 41. Qe4+ Kd7 42. Qd5+ Kxe7 43.
Qxh5 Qe5 44. Qh7+ Kd8 45. Qxb7 Rh8+ 46. Kg2 Re8 47. Kh2 Qe4 48. Qb6+ Kd7 49. Qxf6 Re7 50. Kg1 Rh7 51. f3 Qe1+ 52. Kg2 Qe2+ 53. Kg1 Qe3+ 54. Kf1 Qxf3+ 55. Kg1 Qxf6 0-1

[Event "Late-Titled-Tuesday-Blitz-January-23-2024"]
[Site "Chess.com"]
[Date "2024.01.23"]
[Round "6"]
[White "Arteler"]
[Black "Vladimir_2020"]
[Result "0-1"]
[WhiteElo "2522"]
[BlackElo "2724"]
[TimeControl "180+1"]
[EndTime "15:05:57 PST"]
[Termination "Vladimir_2020 won by resignation"]

1. e4 e5 2. Nf3 Nc6 3. Bb5 Nf6 4. O-O Nxe4 5. d4 Nd6 6. dxe5 Nxb5 7. a4 d6 8. e6 Bxe6 9. axb5 Ne5 10. Nd4 Be7 11. f4 Nc4 12. Nxe6 fxe6 13. Qe2 Nb6 14. Qxe6 Qd7 15.
Qb3 d5 16. Be3 O-O 17. Nc3 Nc4 18. Nd1 Bf6 19. Bc5 Rfe8 20. Qd3 b6 21. Bd4 Bxd4+ 22.
Qxd4 Re2 23. b3 Na5 24. Ne3 Qxb5 25. Nxd5 Nc6 26. Qd1 Qc5+ 27. Kh1 Qxc2 28. Nxc7 Rd8 29. Qxc2 Rxc2 30. Rfc1 Rdd2 31. Rxc2 Rxc2 32. Kg1 Kf7 33. b4 Kf6 34. b5 Na5 35. Nd5+ Ke6 36. Ne3 Rb2 37. Rc1 Rxb5 38. Rc7 Rb3 39. Kf2 b5 40. Rxa7 Nc6 41. Rxg7 b4 42. Rxh7 Rb2+ 43. Kf3 b3 44. Rb7 Na5 45. Rb5 Nc6 46. Rb6 Kd7 47. h4 Kc7 48. Ra6 Rb1 49. Nc4 Rc1 50. Ra4 Rxc4 51. Rxc4 b2 52. Rc2 b1=Q 53. Re2 Qd3+ 54. Re3 Nd4+ 55. Kf2 Qd2+ 0-1

[Event "Late-Titled-Tuesday-Blitz-January-23-2024"]
[Site "Chess.com"]
[Date "2024.01.23"]
[Round "6"]
[White "DonJuan_34"]
[Black "Jem"]
[Result "1-0"]
[WhiteElo "2392"]
[BlackElo "2168"]
[TimeControl "180+1"]
[EndTime "15:05:57 PST"]
[Termination "DonJuan_34 won by resignation"]

1. d4 Nf6 2. c4 g6 3. Nc3 Bg7 4. e4 d6 5. Nf3 O-O 6. Be2 Nc6 7. d5 Nb8 8. O-O c5 9. h3 e6 10. Bf4 e5 11. Bh2 a6 12. a4 h6 13. Ne1 Nbd7 14.
Nd3 Qc7 15. f4 exf4 16. Bxf4 Re8 17. Bf3 Nh7 18. Qd2 g5 19. Bh2 Ne5 20. Nxe5 Bxe5 21.
Bh5 Bd4+ 22. Kh1 Nf6 23. Bf3 Kg7 24. Rae1 Bd7 25. Ne2 Be5 26. b3 Re7 27. Ng3 Rae8 28. Nh5+ Nxh5 29. Bxh5 Bxh2 30. Kxh2 b5 31. e5 bxc4 32.
bxc4 Bxa4 33. e6 fxe6 34. Qd3 Rg8 35. Qg6+ Kh8 36. Qxh6+ Rh7 37. Qf6+ Qg7 38. Bf7 Qxf6 39. Rxf6 Rf8 40. dxe6 Be8 41. Ref1 Bxf7 42. exf7 Kg7 43. Rxd6 Rh6 44. Rxh6 Kxh6 45. Rf6+ Kg7 46. Rxa6 Rxf7 47. Rc6 Rf5 48. Kg3 Re5 49. Kg4 Kf7 50. g3 Kg7 51. Rd6 Kf7 52. Rd3 Re4+ 53. Kxg5 Rxc4 54. g4 Ra4 55. Rd7+ Ke6 56. Rc7 c4 57. h4 Ra5+ 58. Kg6 Kd5 59. h5 Rc5 60. Rxc5+ Kxc5 61. h6 c3 62. h7 c2 63. h8=Q c1=Q 64. Qc8+ Kd4 65. Qxc1 1-0

[Event "Late-Titled-Tuesday-Blitz-January-23-2024"]
[Site "Chess.com"]
[Date "2024.01.23"]
[Round "6"]
[White "iulik86"]
[Black "MikaelyanArman"]
[Result "1-0"]
[WhiteElo "2613"]
[BlackElo "2820"]
[TimeControl "180+1"]
[EndTime "15:06:01 PST"]
[Termination "iulik86 won on time"]

1. d4 Na6 2. e4 c6 3. Nf3 Nc7 4. Bd3 d5 5. Nbd2 g6 6. O-O Bg7 7. c3 Bg4 8. Re1 e6 9. h3 Bxf3 10. Qxf3 Ne7 11. h4 h6 12. h5 g5 13. Qg3 dxe4 14.
Nxe4 Nf5 15. Qh3 O-O 16. Nc5 b6 17. Nb3 c5 18. Bxf5 exf5 19. Qxf5 c4 20. Nd2 Re8 21. Ne4 Qd5 22. Qxd5 Nxd5 23. Bd2 Bf8 24. b3 b5 25. bxc4 bxc4 26. Rab1 Rab8 27. f3 Ba3 28. Kf1 f5 29.
Ng3 Rxe1+ 30. Rxe1 Rb2 31. Bc1 Rxa2 32. Nxf5 Bxc1 33. Rxc1 Nf4 34. Nxh6+ Kh7 35. Ng4 Nxh5 36. Rb1 Ng3+ 37. Kg1 Ne2+ 38. Kh2 Nxc3 39. Rb7+ Kg6 40. Rc7 Ra4 41. Ne5+ Kf6 42. Nxc4 Nd5 43. Rc6+ Ke7 44. Kg3 Ra2 45. Rc5 Ke6 46. Rc6+ Ke7 47. Rc5 Ke6 48. Rc6+ Kd7 49. Ne5+ Ke7 50. Rc5 Ne3 51. Ng4 Nf1+ 52. Kh3 a5 53. Rxg5 a4 54. Ra5 a3 55. Ra6 Ra1 56. d5 Nd2 57. Ne5 Nb3 58. d6+ 1-0